 Dungeon Crawl Stone Soup version 0.16.2-12-gd0ad4c3 (webtiles) character file.

150 dvd the Shield-Bearer (level 5, 0/42 HPs)
             Began as a Formicid Fighter on Oct 15, 2015.
             Slain by an ooze (4 damage)
             ... on level 3 of the Dungeon.
             The game lasted 00:10:18 (2192 turns).

dvd the Shield-Bearer (Formicid Fighter)            Turns: 2192, Time: 00:10:19

Health: 0/42       AC: 11    Str: 20    XL:     5   Next: 58%
Magic:  7/7        EV:  5    Int:  8    God:
Gold:   118        SH:  9    Dex: 11    Spells: 0 memorised, 4 levels left

rFire  . . .     SeeInvis +     a - +0 war axe
rCold  . . .     Clarity  .     y - +0 plate armour
rNeg   . . .     SustAb   .     c - +0 shield
rPois  .         Gourm    .     (helmet unavailable)
rElec  .         Spirit   .     (no cloak)
rCorr  .         Warding  .     (no gloves)
rMut   .         Stasis   +     (no boots)
MR     .....                    (no amulet)
Stlth  ..........               (no ring)
                                (no ring)

@: not resistant to hostile enchantments, extremely unstealthy
A: permanent stasis, dig shafts and tunnels, four strong arms, antennae 3
a: Dig, Shaft Self


You were on level 3 of the Dungeon.
You were hungry.

You visited 1 branch of the dungeon, and saw 3 of its levels.

You collected 118 gold pieces.

Inventory:

Hand weapons
 a - a +0 war axe (weapon)
Missiles
 o - 4 javelins (quivered)
 t - 22 bolts
 w - 25 sling bullets
Armour
 b - a +0 scale mail
 c - a +0 shield (worn)
 y - a +0 plate armour (worn)
Scrolls
 h - a scroll of blinking {unknown}
 j - 4 scrolls of identify {unknown}
 l - 3 scrolls of remove curse {unknown}
 n - 3 scrolls of teleportation {unknown}
 r - a scroll of recharging {unknown}
 A - a scroll of enchant armour {unknown}
Potions
 e - a potion of might
 f - a potion of restore abilities {unknown}
 g - 2 potions of mutation {unknown}
 i - a potion of heal wounds {unknown}
 m - a potion of brilliance {unknown}
 p - 2 potions of agility {unknown}
 v - a potion of curing {unknown}
 x - a potion of lignification {unknown}
Comestibles
 d - 2 bread rations
 k - a meat ration
 q - a royal jelly
 s - a slice of pizza
 u - 4 fruits
 z - 4 chunks of flesh


   Skills:
 + Level 3.7 Fighting
 + Level 2.9 Axes
 + Level 4.3 Armour
 + Level 1.5 Dodging
 + Level 4.7 Shields


You had 4 spell levels left.
You didn't know any spells.

Dungeon Overview and Level Annotations

Branches:
Dungeon (3/15)

Altars:

Annotations:
D:3 Grinder


Innate Abilities, Weirdness & Mutations

You are under a permanent stasis effect.
You can dig through walls and to a lower floor.
Your four strong arms can wield two-handed weapons with a shield.
You have a pair of large antennae on your head (SInv).


Message History

You slash Grinder!
Grinder is severely wounded.
You hit the ooze but do no damage.
The ooze is severely wounded.
Grinder gestures at you.
Your stasis keeps you stable.
The ooze hits you.
* * * LOW HITPOINT WARNING * * *
You hit Grinder.
Grinder is almost dead.
You hit the ooze.
The ooze is almost dead.
You block Grinder's attack. The ooze hits you.
* * * LOW HITPOINT WARNING * * *
You are feeling hungry.
You hit Grinder.
Grinder is almost dead.
You hit the ooze but do no damage.
The ooze is almost dead.
Grinder hits you but does no damage. The ooze hits you.
You die...

......# #.#......>...
........ #.#..........
........###.#..........
.............+..........
.........# #.#..........
.........###............
..........'........######
#......J..####.....#
#.......@.# #.....#
#.....?.5.# #.....#
.........# #.....#
.........# #.....#
.........# #.....######
######### #...........
######..(... #......
#......


You could see Grinder and an ooze.

Vanquished Creatures
  An orc priest (D:3)
  Natasha (D:3)
  Ijyb (D:3)
  A worm (D:3)
  4 giant geckos
  2 oozes
  9 orcs (D:3)
  A ball python (D:1)
  4 bats (D:1)
  2 hobgoblins (D:1)
  A giant cockroach (D:2)
  9 giant newts
  14 goblins
  5 kobolds
  5 rats
60 creatures vanquished.

Notes
Turn   | Place    | Note
--------------------------------------------------------------
     0 | D:1      | dvd, the Formicid Fighter, began the quest for the Orb.
     0 | D:1      | Reached XP level 1. HP: 18/18 MP: 1/1
   149 | D:1      | Reached XP level 2. HP: 24/24 MP: 3/3
   421 | D:1      | Reached skill level 4 in Shields
   421 | D:1      | Reached XP level 3. HP: 29/29 MP: 4/4
  1480 | D:3      | Reached XP level 4. HP: 36/36 MP: 5/5
  1578 | D:3      | Reached skill level 1 in Dodging
  1932 | D:3      | Noticed Ijyb
  1947 | D:3      | Killed Ijyb
  1947 | D:3      | Reached XP level 5. HP: 38/42 MP: 7/7
  2086 | D:3      | Noticed Natasha
  2100 | D:3      | Killed Natasha
  2181 | D:3      | Noticed Grinder
  2192 | D:3      | Slain by an ooze

Action                   |  1- 3 |  4- 6 || total
-------------------------+-------+-------++-------
Melee: War axe           |   122 |    70 ||   192
  Eat: Chunk             |     2 |     2 ||     4
